 Dungeon Crawl Stone Soup version 0.13.1 (webtiles) character file.

58279 Kimbo the Nimble (level 14, -1/121 HPs)
             Began as a Demigod Transmuter on Nov 29, 2013.
             Succumbed to Nessos' poison
             ... on Level 11 of the Dungeon.
             The game lasted 01:54:37 (28907 turns).

Kimbo the Nimble (Demigod Transmuter)              Turns: 28907, Time: 01:54:37

HP  -1/121       AC  9     Str 15      XL: 14   Next:  9%
MP  30/30        EV 25     Int 20      God:
Gold 1651        SH  0     Dex 21      Spells:  6 memorised,  7 levels left

Res.Fire  : + . .   See Invis. : .     - Unarmed
Res.Cold  : . . .   Warding    : .   p - +2 elf robe {rC+}
Life Prot.: . . .   Conserve   : +   (no shield)
Res.Poison: .       Res.Corr.  : .   (no helmet)
Res.Elec. : +       Clarity    : .   (no cloak)
Sust.Abil.: . .     Spirit.Shd : .   g - +2 pair of gauntlets
Res.Mut.  : .       Stasis     : .   k - +1 pair of boots
Res.Rott. : .       Flight     : .   v - amulet of conservation
Saprovore : . . .                    Q - ring "Oxkimuagg" {Fire Str-1 Dam+5}
                                     P - ring of Vitality {Regen HP+15}

@: very poisoned, somewhat resistant to hostile enchantments, fairly stealthy
A: electricity resistance
a: no special abilities


You were on level 11 of the Dungeon.
You were full.

You visited 3 branches of the dungeon, and saw 24 of its levels.
You also visited: Ossuary.

You collected 2615 gold pieces.
You spent 984 gold pieces at shops.

Inventory:

Hand weapons
 D - a cursed +1 blowgun
 H - a cursed +1,+2 orcish whip of electrocution
Missiles
 b - 94 arrows
 A - 3 throwing nets (quivered)
Armour
 e - a +0 steam dragon hide
 g - a +2 pair of gauntlets (worn)
 k - a +1 pair of boots (worn)
 p - a +2 elven robe of cold resistance (worn)
Magical devices
 d - a wand of flame (11)
 f - a wand of paralysis (7)
 n - a wand of magic darts (11) {unknown}
 y - a wand of lightning (1)
 V - a wand of polymorph (1)
 Z - a wand of disintegration (1)
Comestibles
 a - 3 bread rations
 w - 4 meat rations
 B - 13 honeycombs
 F - 3 chunks of hippogriff flesh
 K - 4 chunks of hill giant flesh
 L - a chunk of adder flesh
 O - a choko
Scrolls
 h - a scroll of recharging
 m - a scroll of magic mapping
 R - a scroll of identify
Jewellery
 j - a +3 ring of protection
 o - an uncursed ring of positive energy
 q - an uncursed amulet of rage
 r - an uncursed ring of protection from fire
 u - an uncursed ring of protection from magic
 v - an amulet of conservation (around neck)
 z - an uncursed ring of sustenance
 C - a cursed ring of teleportation
 P - the ring of Vitality (left hand) {Regen HP+15}
   (You bought it in a shop on level 6 of the Dungeon)

   [ring of regeneration]

   It affects your health (+15).
 Q - the ring "Oxkimuagg" (right hand) {Fire Str-1 Dam+5}
   (You bought it in a shop on level 6 of the Dungeon)

   [ring of fire]

   It affects your strength (-1).
   It affects your damage-dealing abilities (+5).
 U - an uncursed ring of protection from cold
Potions
 i - 4 potions of brilliance
 s - 3 potions of magic
 t - a potion of restore abilities
 x - 4 potions of resistance
 E - a potion of agility
 G - 2 potions of might
 M - a potion of berserk rage
 N - 3 potions of flight
Books
 c - a book of Alchemy

   Spells                             Type                      Level
   Lethal Infusion                    Charms/Necromancy            2
   Sublimation of Blood               Necromancy                   2
   *Condensation Shield               Ice                          4
   Alistair's Intoxication            Transmutation/Poison         4
   Petrify                            Transmutation/Earth          4
   Ignite Poison                      Fire/Transmutation           5
Magical staves
 I - an uncursed staff of cold {unknown}
Rods
 l - a +1 rod of fiery destruction (14/14)
   (You found it on level 11 of the Dungeon)


   Skills:
 - Level 6.1 Fighting
 + Level 13.9 Dodging
 + Level 13.2 Unarmed Combat
 - Level 6.5 Spellcasting
 - Level 7.9 Transmutations
 - Level 6.0 Ice Magic
 - Level 2.4 Poison Magic


You had 7 spell levels left.
You knew the following spells:

 Your Spells              Type           Power        Failure   Level  Hunger
a - Beastly Appendage     Trmt           #####.       1%          1    None
b - Sticks to Snakes      Trmt           #####.....   1%          2    None
c - Spider Form           Trmt/Pois      ####......   4%          3    ##.....
d - Blade Hands           Trmt           #####.....   12%         5    #####..
e - Ice Form              Ice/Trmt       ###.......   8%          4    ###....
f - Condensation Shield   Ice            ###.......   10%         4    ###....


Dungeon Overview and Level Annotations

Branches:
Dungeon (12/27)            Temple (0/1) D:7             Orc (4/4) D:6
    Elf (0/3) Orc:4          Lair (8/8) D:10         Shoals (0/5) Lair:6
  Snake (0/5) Lair:4        Slime (0/6) Lair:7

Shops:
D:6 =   Orc:4 *([+

Annotations:
D:6 Fv001's ghost, experienced DrFi
D:12 Nessos
Lair:2 Gastronok
Lair:4 Nergalle


Innate Abilities, Weirdness & Mutations

You are resistant to electric shocks.*


Message History

* * * LOW HITPOINT WARNING * * *
You feel very sick.
You start resting.
* * * LOW HITPOINT WARNING * * *
You feel very sick.
You start resting.
* * * LOW HITPOINT WARNING * * *
You feel sick.
You start resting.
* * * LOW HITPOINT WARNING * * *
You feel very sick.
Unknown command.
You start resting.
* * * LOW HITPOINT WARNING * * *
You feel sick.
Put on which piece of jewellery? (? for menu, Esc to quit)
Okay, then.
Drink which item? (? for menu, Esc to quit)
That potion was really gluggy!
It was a potion of porridge.
You die...

......<..................#...###
............................##
...........................##
........................#..##
......................)####.##
.......................##....##
..............................#
........................##..###
................@......##...#
.............(.......#...####
....................#...##
.......................##
.....................#.#
..................####.##
.................## ##.#
................## #.######
................# #......#


There were no monsters in sight!

Vanquished Creatures
  An orc warlord (Orc:4)
  A dragon (Lair:8)
  Fannar (Lair:4)
  Harold (Orc:4)
  A hydra (D:10)
  12 death yaks
  3 orc high priests (Orc:4)
  The ghost of Lilouch the Thaumaturge, an experienced KoFE of Vehumet (Lair:1)
  Erolcha (Orc:2)
  6 hill giants
  4 orc knights
  2 orc sorcerers (Orc:3)
  6 black mambas
  A sixfirhy (Orc:4)
  2 elephants (Lair:8)
  6 spiny frogs
  6 fire drakes
  6 komodo dragons
  7 two-headed ogres
  3 trolls
  14 blink frogs
  A queen bee (Lair:5)
  3 wyverns
  3 basilisks
  25 yaks
  3 elephant slugs
  A wraith (D:10)
  6 sharks
  A hungry ghost (D:11)
  6 hippogriffs
  2 mottled dragons
  A manticore (D:10)
  2 steam dragons (Lair:8)
  11 wolves
  2 swamp drakes (Lair:8)
  14 porcupines
  A soldier ant (D:11)
  6 ice beasts
  22 orc warriors
  2 phantoms
  2 sky beasts
  6 centaurs
  3 giant goldfish (Lair:1)
  A black bear (D:9)
  2 nagas (Lair:4)
  The ghost of Fv001 the Covered, an average DsFi (D:4)
  20 ogres
  13 crocodiles
  3 boring beetles
  2 big kobolds
  4 wargs (Orc:4)
  9 water moccasins
  3 giant slugs
  14 giant frogs
  5 agate snails
  A manticore skeleton (D:8)
  A boulder beetle zombie (D:10)
  8 wights
  2 jellies
  A troll skeleton (D:11)
  29 killer bees
  2 quasits (D:11)
  A jellyfish (Lair:8)
  10 hounds
  6 crimson imps
  A big fish (Lair:1)
  A goliath beetle (D:7)
  A giant frog skeleton (D:4)
  15 orc priests
  10 orc wizards
  A two-headed ogre zombie (Orc:2)
  2 scorpions
  8 worker ants
  A spectral orc (Lair:4)
  7 iguanas
  15 sheep
  A hound skeleton (D:4)
  A big kobold skeleton (D:11)
  2 hound zombies
  12 mummies (Ossuary)
  17 adders
  49 green rats
  7 gnolls
  2 giant centipedes
  A giant mite (D:5)
  A goliath beetle zombie (D:9)
  3 worms
  A giant eyeball (D:5)
  5 giant geckos
  An ooze (D:3)
  112 orcs
  15 bats
  4 giant cockroaches
  A gnoll skeleton (Ossuary)
  23 goblins
  11 hobgoblins
  19 jackals
  12 quokkas
  4 giant newts
  3 goblin skeletons (Ossuary)
  A hobgoblin zombie (D:5)
  10 kobolds
  2 kobold skeletons
  4 orc skeletons
  A quokka skeleton (D:5)
  14 rats
  12 rat skeletons
759 creatures vanquished.

Vanquished Creatures (collateral kills)
  An adder (D:3)
  2 gnolls (D:2)
  An orc (D:3)
  A bat (D:3)
  A goblin (D:3)
  2 jackals (D:3)
  A giant newt (D:3)
9 creatures vanquished.

Vanquished Creatures (others)
  A feature mimic (Ossuary)
  An electric eel (Lair:6)
  A mummy (Ossuary)
  An orc (Orc:4)
  4 fungi
  7 plants
15 creatures vanquished.

Grand Total: 783 creatures vanquished

Notes
Turn   | Place    | Note
--------------------------------------------------------------
     0 | D:1      | Kimbo, the Demigod Transmuter, began the quest for the Orb.
     0 | D:1      | Reached XP level 1. HP: 16/16 MP: 3/3
   308 | D:1      | Reached skill level 3 in Unarmed Combat
   916 | D:2      | Reached XP level 2. HP: 23/23 MP: 2/4
  1417 | D:2      | Learned a level 2 spell: Sticks to Snakes
  1441 | D:2      | Reached XP level 3. HP: 23/28 MP: 7/7
  1936 | D:2      | Reached skill level 4 in Unarmed Combat
  2814 | D:3      | Reached XP level 4. HP: 21/35 MP: 2/9
  2995 | D:3      | Learned a level 3 spell: Spider Form
  3226 | D:3      | Found a glowing silver altar of Zin.
  3731 | D:4      | Noticed Fv001's ghost (average DsFi)
  3768 | D:4      | Reached skill level 5 in Unarmed Combat
  3768 | D:4      | Reached XP level 5. HP: 24/40 MP: 0/11
  4088 | D:3      | Found an ancient bone altar of Kikubaaqudgha.
  4660 | D:4      | Killed Fv001's ghost
  4660 | D:4      | Reached skill level 1 in Poison Magic
  4779 | D:5      | Entered Level 5 of the Dungeon
  4878 | D:5      | Noticed a sky beast
  4928 | D:5      | Found a sand-covered staircase.
  4933 | Ossuary  | Entered an ossuary
  5264 | Ossuary  | Killed a door mimic
  5264 | Ossuary  | Reached XP level 6. HP: 21/47 MP: 13/13
  6427 | Ossuary  | Reached skill level 6 in Unarmed Combat
  6526 | Ossuary  | Reached XP level 7. HP: 44/52 MP: 14/16
  7054 | D:5      | Killed a sky beast
  7880 | D:6      | Found Waf Atin's Jewellery Emporium.
  7956 | D:6      | Reached skill level 5 in Transmutations
  8354 | D:6      | Found an ancient bone altar of Kikubaaqudgha.
  8446 | D:6      | Reached XP level 8. HP: 54/59 MP: 15/17
  8460 | D:6      | Found a staircase to the Orcish Mines.
  8594 | D:6      | Noticed Fv001's ghost (experienced DrFi)
  8798 | D:7      | Found a staircase to the Ecumenical Temple.
  9114 | D:7      | Reached skill level 7 in Unarmed Combat
 10174 | D:8      | Identified a scroll of acquirement
 10313 | D:8      | Reached skill level 5 in Dodging
 10450 | D:8      | Reached XP level 9. HP: 62/64 MP: 15/18
 10601 | D:6      | Bought the ring of Vitality {Regen HP+15} for 481 gold pieces
 10601 | D:6      | Bought the ring "Oxkimuagg" {Fire Str-1 Dam+5} for 432 gold pieces
 11017 | D:8      | Got a pair of transparent gloves
 11111 | D:8      | Identified the cursed -5 pair of gloves of Vehumet's Supremacy {Int+2 Acc+3} (You found it on level 8 of the Dungeon)
 11146 | D:9      | Reached skill level 8 in Unarmed Combat
 11379 | D:9      | Found a bloodstained altar of Trog.
 11473 | D:9      | Learned a level 5 spell: Blade Hands
 11869 | D:10     | Entered Level 10 of the Dungeon
 11871 | D:10     | Found a staircase to the Lair.
 11943 | D:10     | Noticed a hill giant
 12734 | D:10     | Reached XP level 10. HP: 64/72 MP: 20/22
 13008 | D:10     | Noticed a hill giant
 13034 | D:10     | Killed a hill giant
 13118 | D:10     | Got an encrusted scale mail
 13134 | D:10     | Killed a hill giant
 13303 | D:10     | Identified the cursed -5 scale mail "Dahomn" {rPois} (You found it on level 10 of the Dungeon)
 13366 | D:10     | Noticed a three-headed hydra
 13409 | Lair:1   | Entered Level 1 of the Lair of Beasts
 13447 | Lair:1   | Reached skill level 5 in Spellcasting
 13484 | Lair:1   | Reached skill level 9 in Dodging
 13542 | Lair:1   | Noticed Lilouch's ghost (experienced KoFE)
 13596 | Lair:1   | Killed Lilouch's ghost
 14556 | Lair:1   | Reached skill level 1 in Fighting
 14826 | Lair:2   | Noticed an eight-headed hydra
 14846 | Lair:2   | Noticed an eight-headed hydra
 14847 | Lair:2   | Noticed a seven-headed hydra
 14934 | Lair:2   | Reached XP level 11. HP: 77/80 MP: 25/27
 14940 | Lair:2   | Learned a level 4 spell: Ice Form
 15104 | Lair:2   | Reached skill level 1 in Ice Magic
 15160 | Lair:2   | Noticed Gastronok
 16563 | Lair:4   | Noticed Fannar
 16751 | Lair:4   | Found a staircase to the Snake Pit.
 16762 | Lair:4   | Noticed Nergalle
 16777 | Lair:4   | Killed Fannar
 16777 | Lair:4   | Reached skill level 5 in Fighting
 17094 | Lair:4   | Reached skill level 5 in Ice Magic
 17702 | Lair:5   | Noticed a death yak
 17704 | Lair:5   | Noticed a death yak
 17706 | Lair:5   | Noticed a death yak
 17714 | Lair:5   | Killed a death yak
 17727 | Lair:5   | Killed a death yak
 17733 | Lair:5   | Killed a death yak
 18056 | Lair:5   | Reached skill level 10 in Dodging
 18169 | Lair:5   | Gained mutation: You are resistant to electric shocks. [potion of beneficial mutation]
 18237 | Lair:5   | Reached XP level 12. HP: 93/93 MP: 26/28
 19306 | Lair:6   | Found a staircase to the Shoals.
 19693 | Lair:6   | Noticed a five-headed hydra
 20054 | Lair:7   | Reached skill level 10 in Unarmed Combat
 20059 | Lair:7   | Reached skill level 11 in Dodging
 20219 | Lair:7   | Noticed an eight-headed hydra
 20693 | Lair:7   | Found a viscous altar of Jiyva.
 20700 | Lair:7   | Found a staircase to the Slime Pits.
 20891 | Lair:7   | Noticed a seven-headed hydra
 21420 | Lair:8   | Entered Level 8 of the Lair of Beasts
 22099 | Lair:8   | Noticed a dragon
 22124 | Lair:8   | Killed a dragon
 22124 | Lair:8   | Reached skill level 12 in Dodging
 22124 | Lair:8   | Reached XP level 13. HP: 70/99 MP: 29/29
 22700 | Lair:8   | Noticed a six-headed hydra
 23577 | Orc:1    | Entered Level 1 of the Orcish Mines
 23696 | Orc:2    | Found a roughly hewn altar of Beogh.
 24250 | Orc:2    | Found a bloodstained altar of Trog.
 24510 | Orc:2    | Noticed Erolcha
 24529 | Orc:2    | Killed Erolcha
 24529 | Orc:2    | Reached skill level 13 in Dodging
 24549 | Orc:2    | Paralysed by you for 2 turns
 25181 | Orc:4    | Entered Level 4 of the Orcish Mines
 25190 | Orc:4    | Found a staircase to the Elven Halls.
 25191 | Orc:4    | Noticed Harold
 25207 | Orc:4    | Killed Harold
 25432 | Orc:4    | Found a glowing golden altar of the Shining One.
 25481 | Orc:4    | Noticed an orc warlord
 25503 | Orc:4    | Killed an orc warlord
 25525 | Orc:4    | Found Nueq's General Store.
 25777 | Orc:4    | Bought a scroll of blinking for 71 gold pieces
 26013 | Orc:4    | Found Alif's Antique Weapon Emporium.
 26487 | Orc:4    | Found Ewke Cul's Antique Armour Shop.
 26961 | Orc:4    | Found Pla Klis' Book Boutique.
 27286 | D:10     | Killed a three-headed hydra
 27551 | D:11     | Identified a +1 rod of fiery destruction (14/14) (You found it on level 11 of the Dungeon)
 27565 | D:11     | Found a shimmering altar of Xom.
 27701 | D:11     | Learned a level 4 spell: Condensation Shield
 27909 | D:11     | Reached XP level 14. HP: 106/106 MP: 26/30
 28839 | D:12     | Noticed Nessos
 28846 | D:12     | Noticed Nessos
 28846 | D:12     | Nessos changed into Nessos the glowing shapeshifter
 28847 | D:12     | Nessos the glowing shapeshifter changed into Nessos the deep troll
 28902 | D:11     | HP: 6/121 [poisoned by Nessos]
 28905 | D:11     | HP: 2/121 [poisoned by Nessos]
 28907 | D:11     | Succumbed to Nessos' poison

Action                   |  1- 3 |  4- 6 |  7- 9 | 10-12 | 13-15 || total
-------------------------+-------+-------+-------+-------+-------++-------
Melee: Unarmed           |   115 |   180 |   508 |  1193 |   715 ||  2711
       Short sword       |    17 |       |       |       |       ||    17
       Whip              |       |    33 |       |       |       ||    33
Throw: Dart              |     3 |       |       |       |       ||     3
       Throwing net      |       |       |       |     1 |       ||     1
 Cast: Beastly Appendage |     9 |    14 |     2 |     1 |       ||    26
       Sticks to Snakes  |     5 |     7 |       |       |       ||    12
       Spider Form       |       |     6 |    58 |    87 |    55 ||   206
       Blade Hands       |       |       |       |    11 |     4 ||    15
       Ice Form          |       |       |       |     7 |       ||     7
 Abil: End Transformatio |       |       |     4 |    21 |    12 ||    37
Evoke: Wand              |       |       |       |     8 |    14 ||    22
  Use: Scroll            |     3 |    18 |    10 |    14 |     6 ||    51
       Potion            |       |     6 |       |    12 |     7 ||    25
 Stab: Sleeping          |       |     2 |     6 |     5 |     3 ||    16
       Fleeing           |       |       |       |     1 |       ||     1
       Distracted        |       |       |       |       |     1 ||     1
